 Dungeon Crawl Stone Soup version 0.24.0-28-g17ded55e90 (console) character file.

Game seed: 1980286807459090869, levelgen mode: deterministic

1817003 toxicsyntax the Conqueror (level 27, 279/300 HPs)
             Began as a Hill Orc Monk on Nov 8, 2019.
             Was a High Priest of Nemelex Xobeh.
             Escaped with the Orb
             ... and 4 runes on Nov 11, 2019!
             The game lasted 07:17:03 (117319 turns).

toxicsyntax the Conqueror (Hill Orc Monk)         Turns: 117319, Time: 07:17:03

Health: 279/300    AC: 35    Str: 24    XL:     27
Magic:  37/40      EV: 17    Int: 17    God:    Nemelex Xobeh [*****.]
Gold:   6356       SH: 30    Dex: 18    Spells: 26/26 levels left

rFire    + + .     SeeInvis +   a - +9 scimitar (freeze)
rCold    + . .     Gourm    .   l - +2 large shield {reflect}
rNeg     + . .     Faith    .   E - +4 gold dragon scales
rPois    +         Spirit   +   t - +2 hat of the Bear Spirit {Spirit, +Rage rN+ MR++}
rElec    +         Reflect  +   n - scarf {cloud immunity}
rCorr    .         Harm     .   M - +2 pair of gloves {archery}
MR       ++++.     Rnd*Tele +   m - +0 pair of boots {Stlth+}
Stlth    ..........             U - amulet "Dastas" {Reflect +Fly rF+ Int+3 SH+2}
HPRegen  0.60/turn              w - ring of see invisible
MPRegen  0.27/turn              k - ring of Zamat {rElec EV+5 Int+4}

@: studying Crossbows
A: agile 1, mutation resistance 1, robust 1, teleportitis 1, wild magic 1
0: Orb of Zot
}: 4/15 runes: barnacled, slimy, silver, gossamer
a: Draw Escape, Draw Destruction, Draw Summoning, Draw Stack, Triple Draw, Deal
Four, Stack Five, Renounce Religion, Evoke Berserk Rage, Evoke Flight


You escaped.
You worshipped Nemelex Xobeh.
Nemelex Xobeh was extremely pleased with you.
You were not hungry.

You visited 12 branches of the dungeon, and saw 58 of its levels.
You also visited: Wizlab.

You collected 9023 gold pieces.
You spent 2667 gold pieces at shops.

Inventory:

Hand Weapons
 a - a +9 scimitar of freezing (weapon)
 K - a +0 scimitar of flaming
Missiles
 u - 13 curare-tipped darts
 v - 75 poisoned darts
 O - 50 javelins
 P - 22 silver javelins (quivered)
 V - 12 atropa-tipped darts
 Y - 7 silver boomerangs
Armour
 l - a +2 large shield of reflection (worn)
 m - a +0 pair of boots of stealth (worn)
 n - a scarf of cloud immunity (worn)
 t - the +2 hat of the Bear Spirit (worn) {Spirit, +Rage rN+ MR++}
   (You bought it in a shop on level 2 of the Shoals)

   It protects you from negative energy.
   It affects your resistance to hostile enchantments.
   It lets you go berserk.
 E - +4 gold dragon scales (worn)
 M - a +2 pair of gloves of archery (worn)
Jewellery
 d - the ring "Somm" {rC++ Str+2 Int+3}
   (You bought it in a shop on level 3 of the Depths)

   [ring of intelligence]

   It affects your strength (+2).
   It affects your intelligence (+3).
   It greatly protects you from cold.
 g - the ring "Puhe" {Ice rN+ Str+7 Int-2 Stlth+}
   (You took it off a deep elf annihilator on level 3 of the Elven Halls)

   [ring of ice]

   It enhances your ice magic.
   It affects your strength (+7).
   It affects your intelligence (-2).
   It makes you vulnerable to fire.
   It protects you from cold.
   It protects you from negative energy.
   It makes you more stealthy.
 k - the ring of Zamat (right hand) {rElec EV+5 Int+4}
   (You found it on level 9 of the Dungeon)

   [ring of evasion]

   It affects your evasion (+5).
   It affects your intelligence (+4).
   It insulates you from electricity.
 w - a ring of see invisible (left hand)
 z - the ring "Agiyrgh" {+Fly rN+ AC+3 Str-3 Dex+4}
   (You found it on level 14 of the Dungeon)

   [ring of protection]

   It affects your AC (+3).
   It affects your strength (-3).
   It affects your dexterity (+4).
   It protects you from negative energy.
   It lets you fly.
 U - the amulet "Dastas" (around neck) {Reflect +Fly rF+ Int+3 SH+2}
   (You acquired it on level 6 of the Lair of Beasts)

   [amulet of reflection]

   It shields you and reflects attacks.
   It affects your intelligence (+3).
   It protects you from fire.
   It lets you fly.
   It affects your SH (+2).
 W - an uncursed ring of resist corrosion
Wands
 f - a wand of polymorph (48)
 x - a wand of acid (14)
 G - a wand of scattershot (9)
 S - a wand of enslavement (17)
 T - a wand of iceblast (17)
 X - a wand of flame (82)
 Z - a wand of digging (22)
Scrolls
 b - 3 scrolls of summoning
 h - 23 scrolls of remove curse
 i - 33 scrolls of identify
 j - a scroll of silence
 r - 18 scrolls of teleportation
 y - 8 scrolls of fear
 B - 6 scrolls of fog
 C - 2 scrolls of enchant weapon
 N - 4 scrolls of magic mapping
Potions
 e - 2 potions of berserk rage
 o - 5 potions of invisibility
 p - a potion of cancellation
 A - 10 potions of curing
 D - 6 potions of ambrosia
 H - a potion of agility
 L - a potion of haste
 Q - 4 potions of magic
Books
 F - a manual of Crossbows
Miscellaneous
 I - 3 phantom mirrors
 J - a lamp of fire (inert)
Comestibles
 c - 31 rations


   Skills:
 O Level 27 Fighting
 + Level 19.3 Long Blades
 - Level 10.0 Throwing
 - Level 20.5 Armour
 - Level 10.0 Dodging
 - Level 1.5 Stealth
 - Level 25.0 Shields
 O Level 27 Invocations
 + Level 16.2 Evocations


You had 26 spell levels left.
You didn't know any spells.
Your spell library contained the following spells:

 Spells                   Type           Power        Failure   Level  Hunger
 Animate Skeleton         Necr           N/A          99%         1    ##.....
 Apportation              Tloc           #.....       99%         1    ##.....
 Beastly Appendage        Tmut           #.....       99%         1    ##.....
 Confusing Touch          Hex            #.....       99%         1    ##.....
 Corona                   Hex            #......      99%         1    ##.....
 Flame Tongue             Conj/Fire      #....        99%         1    ##.....
 Freeze                   Ice            #...         99%         1    ##.....
 Magic Dart               Conj           #...         99%         1    ##.....
 Pain                     Necr           #...         99%         1    ##.....
 Sandblast                Erth           #.....       99%         1    ##.....
 Shock                    Conj/Air       #...         99%         1    ##.....
 Sting                    Conj/Pois      #...         99%         1    ##.....
 Summon Butterflies       Summ           #.......     99%         1    ##.....
 Summon Small Mammal      Summ           #...         99%         1    ##.....
 Blink                    Tloc           N/A          100%        2    ###....
 Call Imp                 Summ           #.......     100%        2    ###....
 Corpse Rot               Necr           N/A          100%        2    ###....
 Ensorcelled Hibernation  Hex/Ice        #.....       100%        2    ###....
 Passwall                 Tmut/Erth      #.......     100%        2    ###....
 Poisonous Vapours        Pois/Air       #.....       100%        2    ###....
 Searing Ray              Conj           #.....       100%        2    ###....
 Shroud of Golubria       Chrm/Tloc      #.....       100%        2    ###....
 Slow                     Hex            #.......     100%        2    ###....
 Sublimation of Blood     Necr           #.........   100%        2    ###....
 Swiftness                Chrm/Air       #.......     100%        2    ###....
 Throw Flame              Conj/Fire      #.....       100%        2    ###....
 Throw Frost              Conj/Ice       #.....       100%        2    ###....
 Call Canine Familiar     Summ           #.......     100%        3    ####...
 Confuse                  Hex            #.......     100%        3    ####...
 Conjure Flame            Conj/Fire      #.......     100%        3    ####...
 Dazzling Spray           Conj/Hex       #.....       100%        3    ####...
 Gell's Gravitas          Tloc           #.........   100%        3    ####...
 Ignite Poison            Fire/Tmut/Pois #.......     100%        3    ####...
 Inner Flame              Hex/Fire       #.......     100%        3    ####...
 Lesser Beckoning         Tloc           #.........   100%        3    ####...
 Mephitic Cloud           Conj/Pois/Air  #.......     100%        3    ####...
 Ozocubu's Armour         Chrm/Ice       #.......     100%        3    ####...
 Portal Projectile        Hex/Tloc       #.....       100%        3    ####...
 Recall                   Summ/Tloc      N/A          100%        3    ####...
 Regeneration             Chrm/Necr      #.........   100%        3    ####...
 Static Discharge         Conj/Air       #.......     100%        3    ####...
 Stone Arrow              Conj/Erth      #.....       100%        3    ####...
 Teleport Other           Tloc           #.......     100%        3    ####...
 Tukima's Dance           Hex            #.......     100%        3    ####...
 Vampiric Draining        Necr           #.........   100%        3    ####...
 Airstrike                Air            #.........   100%        4    #####..
 Animate Dead             Necr           N/A          100%        4    #####..
 Cause Fear               Hex            #.........   100%        4    #####..
 Force Lance              Conj/Tloc      #.......     100%        4    #####..
 Fulminant Prism          Conj/Hex       #.........   100%        4    #####..
 Iskenderun's Mystic Bla  Conj           #.......     100%        4    #####..
 Leda's Liquefaction      Hex/Erth       #.........   100%        4    #####..
 Petrify                  Tmut/Erth      #.......     100%        4    #####..
 Sticky Flame             Conj/Fire      #.......     100%        4    #####..
 Summon Ice Beast         Ice/Summ       #.......     100%        4    #####..
 Summon Lightning Spire   Summ/Air       #.......     100%        4    #####..
 Throw Icicle             Conj/Ice       #.......     100%        4    #####..
 Agony                    Necr           #.......     100%        5    ######.
 Alistair's Intoxication  Tmut/Pois      #.......     100%        5    ######.
 Aura of Abjuration       Summ           #.........   100%        5    ######.
 Bolt of Draining         Conj/Necr      #.........   100%        5    ######.
 Borgnjor's Vile Clutch   Necr/Erth      #.........   100%        5    ######.
 Dispel Undead            Necr           #.......     100%        5    ######.
 Excruciating Wounds      Chrm/Necr      #.........   100%        5    ######.
 Fireball                 Conj/Fire      #.........   100%        5    ######.
 Irradiate                Conj/Tmut      #.........   100%        5    ######.
 Iskenderun's Battlesphe  Conj/Chrm      #.......     100%        5    ######.
 Lee's Rapid Deconstruct  Erth           #.........   100%        5    ######.
 Lightning Bolt           Conj/Air       #.........   100%        5    ######.
 Metabolic Englaciation   Hex/Ice        #.........   100%        5    ######.
 Silence                  Hex/Air        #.........   100%        5    ######.
 Summon Demon             Summ           #.........   100%        5    ######.
 Summon Forest            Summ/Tloc      #.........   100%        5    ######.
 Summon Mana Viper        Hex/Summ       #.......     100%        5    ######.
 Yara's Violent Unravell  Hex/Tmut       #.........   100%        5    ######.
 Bolt of Fire             Conj/Fire      #.........   100%        6    #######
 Conjure Ball Lightning   Conj/Air       #.........   100%        6    #######
 Deflect Missiles         Chrm/Air       #.........   100%        6    #######
 Dispersal                Tloc           #.........   100%        6    #######
 Freezing Cloud           Conj/Ice/Air   #.........   100%        6    #######
 Hydra Form               Tmut           #.........   100%        6    #######
 Invisibility             Hex            #.......     100%        6    #######
 Iron Shot                Conj/Erth      #.........   100%        6    #######
 Poison Arrow             Conj/Pois      #.........   100%        6    #######
 Shadow Creatures         Summ           N/A          100%        6    #######
 Statue Form              Tmut/Erth      #........    100%        6    #######
 Dragon Form              Tmut           #.........   100%        7    #######
 Malign Gateway           Summ/Tloc      #.........   100%        7    #######
 Monstrous Menagerie      Summ           #.........   100%        7    #######
 Ring of Flames           Chrm/Fire      #.........   100%        7    #######
 Spellforged Servitor     Conj/Summ      #.........   100%        7    #######
 Summon Greater Demon     Summ           #.........   100%        7    #######
 Summon Hydra             Summ           #.........   100%        7    #######
 Chain Lightning          Conj/Air       #.........   100%        8    #######
 Ignition                 Fire           #.........   100%        8    #######
 Lehudib's Crystal Spear  Conj/Erth      #.........   100%        8    #######
 Summon Horrible Things   Summ           #.........   100%        8    #######
 Dragon's Call            Summ           #.........   100%        9    #######
 Fire Storm               Conj/Fire      #.........   100%        9    #######
 Glaciate                 Conj/Ice       #.........   100%        9    #######
 Shatter                  Erth           #.........   100%        9    #######
 Tornado                  Air            #.........   100%        9    #######
 Passage of Golubria      Tloc           Unusable     N/A         4    N/A

Dungeon Overview and Level Annotations

Branches:
Dungeon (15/15)            Temple (1/1) D:4            Lair (6/6) D:11
 Shoals (4/4) Lair:3       Spider (4/4) Lair:4        Slime (5/5) Lair:6
    Orc (2/2) D:12            Elf (3/3) Orc:2        Vaults (5/5) D:14
  Crypt (3/3) Vaults:3       Tomb (0/3) Crypt:3      Depths (5/5) D:15
    Zot (5/5) Depths:5     WizLab (visited)

Altars:
Ashenzari
Cheibriados
Dithmenos
Elyvilon
Fedhas
Gozag
Hepliaklqana
Kikubaaqudgha
Makhleb
Nemelex Xobeh
Okawaru
Qazlal
Ru
Sif Muna
Trog
Uskayaw
Vehumet
Wu Jian
Xom
Yredelemnul
Zin
Beogh
Lugonu

Shops:
Orc:2 }[?}   Elf:2 [   Shoals:2 [   Shoals:4 }   Vaults:3 ((   Vaults:4 %
Depths:1 =   Depths:3 =}=

Portals:
Hell: Depths:1 Depths:2 Depths:3 Depths:5
Abyss: Depths:2 Depths:3 Depths:4 Depths:5
Pandemonium: Depths:3 Depths:4
Ziggurat: Depths:5

Annotations:
Shoals:3 3 runed translucent doors, pentaxis93's ghost, adept MfSk
Elf:2 3 runed translucent doors
Depths:3 1 exclusion


Innate Abilities, Weirdness & Mutations

You are agile. (Dex +2)
You are somewhat resistant to further mutation.
You are robust. (+10% HP)
You are occasionally teleported next to monsters.
Your spells are a little harder to cast, but a little more powerful.


Message History

The glowing orange brain blinks!
You block the Orb Guardian's attack.
There is an open door here.
The Orb Guardian hits you but does no damage.
You block the Orb Guardian's attack. You block the Orb Guardian's attack.
The glowing orange brain pulsates.
The glowing orange brain radiates an aura of fear!
You resist with almost no effort. You block the Orb Guardian's attack.
The Orb Guardian hits you.
The Orb Guardian hits you but does no damage.
The Orb Guardian hits you. You block the Orb Guardian's attack.
You block the Orb Guardian's attack. You block the Orb Guardian's attack.
You block the Orb Guardian's attack.
The Orb Guardian hits you but does no damage.
There is a staircase leading out of the dungeon here.
The Orb Guardian hits you!!
You have escaped!

......#.# #######.#
#G#
#.#..P.PP.P.PP..PP#
#.#♣PP..P.PPP...P.#
#.#.PP.♣.PPP.PP.P.#
#.#PP.♣P.P..P.P.PP#
#.#....1PPP.PPPP.P
#.##################
#..................##
#...G....X@.........#
#...................#
#..###############..#
#...# ##.## #.#.#
#..# #...# ##.##
##..## #..# ##..#
#.## #..## #.# #...#
#.# #.#.##########.#


You could see an Ice Fiend, an Orb Guardian and a glowing orange brain.

Vanquished Creatures
  the Royal Jelly (Slime:5)
  2 orbs of fire
  Mara (Spider:3)
  14 ancient liches
  2 juggernauts
  Sojobo (Depths:4)
  Boris (thrice) (Depths:4 Vaults:2 Crypt:1)
  Margery (Crypt:3)
  3 Killer Klowns
  A shard shrike (Zot:5)
  Saint Roka (Depths:1)
  Frederick (Crypt:3)
  2 curse toes
  9 golden dragons
  3 electric golems
  12 tentacled monstrosities
  4 deep elf blademasters (Elf:3)
  19 Orb Guardians
  9 quicksilver dragons
  5 titans (Vaults:5)
  Frances (Shoals:1)
  6 liches
  24 acid blobs
  9 death cobs
  2 ancient champions (Crypt:1)
  A tentacled starspawn (D:14)
  4 sphinxes
  14 storm dragons
  8 shadow dragons
  4 tengu reavers
  Kirke (Lair:5)
  Agnes (Lair:4)
  3 revenants
  6 draconian monks
  14 azure jellies
  A fire giant (shapeshifter) (Vaults:5)
  10 frost giants
  13 vault wardens
  2 fire giants
  9 deep elf sorcerers
  4 ghost moths
  An iron dragon (Vaults:5)
  A balrug (Depths:3)
  7 draconian knights
  7 draconian shifters
  5 ghouls
  7 draconian scorchers
  14 deep elf elementalists
  A curse skull (Crypt:3)
  16 ironheart preservers
  5 emperor scorpions
  6 draconian stormcallers
  10 draconian annihilators
  8 war gargoyles
  2 juggernaut skeletons (Depths:1)
  An entropy weaver (shapeshifter) (Vaults:5)
  A reaper (Depths:4)
  7 entropy weavers
  18 stone giants
  Nessos (D:15)
  23 very ugly things
  3 dire elephants
  5 vampire knights
  10 green draconians
  A lorocyproca (Depths:3)
  14 deep elf annihilators
  4 deep elf demonologists (Elf:3)
  10 yellow draconians
  22 white draconians
  8 purple draconians
  A spark wasp (Spider:4)
  14 black draconians
  10 red draconians
  A minotaur (Zot:5)
  An eidolon (Crypt:3)
  Josephine (D:14)
  2 merfolk javelineers (Shoals:4)
  2 merfolk impalers (Shoals:4)
  8 death oozes
  5 deep elf death magi
  8 ettins
  3 jiangshi
  7 fire dragons
  11 vault guards
  13 great orbs of eyes
  23 yaktaur captains
  A quicksilver dragon skeleton (Crypt:1)
  3 deep elf high priests
  5 rakshasas
  3 ice dragons
  3 catoblepae
  8 hydras
  A spriggan air mage (Depths:3)
  2 merfolk aquamancers
  4 merfolk avatars
  A hell beast (Depths:3)
  49 two-headed ogres
  7 centaur warriors
  A two-headed ogre (shapeshifter) (Vaults:5)
  The ghost of Teneria the Basher, a journeyman GrMo of Okawaru (D:11)
  9 dancing weapons
  4 death knights
  2 anacondas
  16 ogre magi
  6 deep troll shamans
  2 alligator snapping turtles
  11 deep troll earth magi
  3 thrashing horrors (D:14)
  A queen ant (Lair:5)
  4 spriggan berserkers
  5 tengu warriors
  A titan zombie (Crypt:3)
  4 vampire magi
  13 deep elf knights
  A soul eater (Crypt:2)
  A sun demon (Depths:3)
  A shock serpent (Shoals:3)
  A sixfirhy (Depths:4)
  A storm dragon zombie (Crypt:2)
  23 sea snakes
  An unseen horror (shapeshifter) (Depths:4)
  20 skeletal warriors
  A torturous demonspawn (Depths:3)
  4 unseen horrors
  2 titan skeletons
  An obsidian statue (Zot:5)
  26 hell knights
  A shadow wraith (Vaults:1)
  2 death drakes
  23 deep trolls
  13 flayed ghosts
  An infernal demonspawn (Depths:4)
  A sea snake (shapeshifter) (Depths:5)
  A glowing orange brain (shapeshifter) (Vaults:5)
  8 wizards
  A shadow dragon zombie (Crypt:1)
  2 lindwurms
  A storm dragon skeleton (Vaults:4)
  16 harpies
  10 deep elf archers
  2 glowing orange brains (Depths:3)
  A golden dragon skeleton (Crypt:1)
  18 orc knights
  12 necromancers
  19 phantasmal warriors
  An anaconda skeleton (Crypt:1)
  18 ironbrand convokers
  A mana viper (Lair:4)
  37 deep elf magi
  31 wolf spiders
  2 oklob plants (Lair:6)
  2 stone giant zombies
  A tengu skeleton (D:15)
  3 orc sorcerers
  7 cyclopes
  12 manticores
  129 slime creatures
  44 ugly things
  2 fauns
  An iron dragon skeleton (Vaults:5)
  19 orb spiders
  34 moths of wrath
  9 elephants
  6 shining eyes
  A guardian serpent (shapeshifter) (Vaults:1)
  A frost giant skeleton (Vaults:5)
  An apocalypse crab (D:14)
  4 water nymphs
  A stone giant skeleton (Vaults:5)
  6 merfolk sirens
  16 vault sentinels
  A centaur zombie (D:15)
  2 eyes of devastation
  6 smoke demons
  A guardian serpent (Lair:4)
  6 gargoyles
  A fire giant skeleton (Crypt:1)
  2 rust devils (Depths:3)
  6 black mambas
  4 torpor snails
  2 orange demons
  A komodo dragon (shapeshifter) (D:8)
  An efreet (D:15)
  10 rime drakes
  11 spiny frogs
  3 yaktaur zombies
  16 demonic crawlers
  4 tengu conjurers
  A guardian mummy (D:15)
  13 freezing wraiths
  10 komodo dragons
  68 yaktaurs
  A hellwing (Depths:3)
  An ancient zyme (D:14)
  A yellow draconian skeleton (Crypt:1)
  A minotaur skeleton (Crypt:1)
  4 red devils
  14 trolls
  A jumping spider (shapeshifter) (Depths:4)
  5 polar bears
  22 jumping spiders
  18 merfolk
  A yaktaur skeleton (Vaults:5)
  A merfolk (shapeshifter) (D:14)
  A meliai (shapeshifter) (Vaults:4)
  A moth of wrath zombie (Crypt:2)
  5 wind drakes
  Prince Ribbit (D:4)
  A tyrant leech (Zot:3)
  A blink frog (shapeshifter) (Depths:1)
  17 dream sheep
  6 snapping turtles
  A raiju (Lair:4)
  15 hornets
  15 blink frogs
  A death drake skeleton (Crypt:1)
  A bog body (Crypt:1)
  A meliai zombie (D:14)
  14 hippogriffs
  A stone giant simulacrum (Vaults:1)
  An ettin zombie (D:15)
  12 water elementals
  6 flying skulls (Crypt:2)
  A tarantella (shapeshifter) (Vaults:5)
  2 ice dragon skeletons
  2 spriggan skeletons
  69 redbacks
  4 spriggans
  2 ettin skeletons (Crypt:3)
  4 shadows
  15 wraiths
  2 ynoxinuls (Depths:3)
  4 wyverns
  4 basilisks
  15 tarantellas
  30 yaks
  11 vampires
  4 humans
  4 hungry ghosts
  A fire bat (shapeshifter) (D:11)
  4 hogs
  2 neqoxecs
  A fire bat (Vaults:5)
  13 golden eyes
  2 hogs (shapeshifter) (Vaults:2)
  An elf skeleton (Vaults:5)
  A human simulacrum (Vaults:5)
  A vampire mosquito (D:12)
  3 wargs
  A water nymph zombie (Crypt:2)
  2 yaktaur simulacra
  5 fire elementals
  An orb spider zombie (Crypt:1)
  A naga (Vaults:5)
  2 soldier ants
  A swamp worm (shapeshifter) (D:14)
  A warg (shapeshifter) (D:11)
  4 acid dragons
  14 water moccasins
  2 floating eyes (shapeshifter)
  44 orc warriors
  11 porcupines
  6 ice beasts
  2 slaves
  6 eyes of draining
  4 swamp drakes
  7 sky beasts
  A phantom (D:4)
  5 black bears
  2 necrophages (Crypt:2)
  43 ogres
  2 tengu
  5 boggarts
  17 centaurs
  A hog zombie (Crypt:1)
  14 wolves
  22 crocodiles
  A snapping turtle skeleton (Crypt:2)
  An elf zombie (Crypt:3)
  2 big kobolds
  A bullfrog (shapeshifter) (Vaults:1)
  3 human zombies
  10 bullfrogs
  2 human skeletons
  2 deep troll simulacra
  3 earth elementals
  A komodo dragon skeleton (Crypt:1)
  2 scorpions
  A killer bee (shapeshifter) (D:11)
  6 killer bees (D:13)
  2 vampire bats (Orc:1)
  15 wights
  3 electric eels
  6 howler monkeys
  12 crimson imps
  2 bullfrog zombies
  3 quasits
  5 bullfrog skeletons
  8 hounds
  6 jellies
  19 orc priests
  Crazy Yiuf (D:5)
  35 orc wizards
  4 centaur skeletons
  An iron imp (Depths:4)
  4 iguanas
  A worker ant (shapeshifter) (Vaults:2)
  13 worker ants
  An acid dragon zombie (Crypt:2)
  An acid dragon skeleton (Crypt:1)
  A hound zombie (D:7)
  An ogre skeleton (Crypt:2)
  A hound skeleton (D:9)
  3 worker ant zombies
  A howler monkey skeleton (D:9)
  4 gnolls (D:6)
  16 adders
  A river rat (D:11)
  3 shadow imps
  2 white imps (Depths:4)
  An ufetubus (Depths:4)
  An ooze (shapeshifter) (D:11)
  An ooze (Lair:5)
  A lava snake skeleton (Crypt:2)
  A lava snake zombie (Crypt:1)
  An adder zombie (D:9)
  2 worms
  4 ball lightnings
  5 leopard geckos
  86 orcs
  4 giant cockroaches
  7 goblins
  6 hobgoblins
  12 jackals
  6 kobolds
  5 quokkas
  A ball python zombie (D:6)
  14 bats
  10 frilled lizards
  A kobold zombie (Crypt:2)
  An orc skeleton (Crypt:3)
  10 rats
  A rat zombie (Crypt:2)
  A butterfly (D:9)
  2 plants
2495 creatures vanquished.

Vanquished Creatures (collateral kills)
  An Orb Guardian (Zot:5)
  A fire giant (Vaults:5)
  The ghost of tatocazan the Carver, a journeyman MiFi of Okawaru (Orc:1)
  A draconian shifter (Zot:3)
  A deep elf elementalist (Vaults:5)
  2 black draconians (Zot:3)
  A purple draconian (Zot:3)
  A merfolk javelineer (Shoals:4)
  A yaktaur captain (Vaults:5)
  A hydra (Lair:5)
  A lindwurm (shapeshifter) (D:14)
  A wolf spider (Spider:4)
  3 deep elf magi
  A vault sentinel (Vaults:5)
  A komodo dragon (Vaults:5)
  2 hogs (Lair:5)
  A wyvern (Depths:5)
  A fire elemental (Elf:1)
  A human (Depths:5)
  A fire bat (Lair:4)
  An ice beast (Vaults:5)
  An orc warrior (Vaults:5)
  A boggart (Vaults:5)
  2 orcs (Vaults:5)
29 creatures vanquished.

Vanquished Creatures (others)
  An Orb Guardian (Zot:5)
  2 deep elf master archers (Elf:3)
  An azure jelly (Slime:5)
  A draconian knight (Zot:1)
  2 vault wardens
  A deep elf sorcerer (Elf:3)
  A draconian shifter (Zot:1)
  A draconian stormcaller (Zot:1)
  A vampire knight (Crypt:2)
  A yaktaur captain (Depths:4)
  A fire dragon (shapeshifter) (D:14)
  A centaur warrior (Depths:1)
  A satyr (Shoals:2)
  A spriggan berserker (Depths:3)
  2 deep trolls (Vaults:5)
  A deep elf archer (Elf:1)
  2 wizards
  3 orc knights
  An ironbrand convoker (Vaults:5)
  Pikel (D:5)
  A deep elf mage (Vaults:5)
  An ugly thing (D:14)
  A manticore (Shoals:1)
  2 cyclopes
  A moth of wrath (Shoals:3)
  A water nymph (Shoals:4)
  A gargoyle (D:12)
  24 yaktaurs
  A jumping spider (Spider:2)
  A merfolk (Elf:3)
  2 hornets (Vaults:5)
  A raiju (D:14)
  2 dream sheep
  2 tarantellas
  A water elemental (D:12)
  3 basilisks
  A hog (Lair:5)
  2 vampire mosquitoes (D:12)
  A swamp worm (Zot:3)
  5 orc warriors
  An ogre (D:12)
  A boggart (Vaults:3)
  8 centaurs
  A wolf (Vaults:5)
  2 orc priests (Orc:1)
  A shadow imp (D:5)
  An ooze (Vaults:5)
  An adder zombie (D:5)
  11 ball lightnings
  5 orcs
  9 fungi
  18 plants
  3 starspawn tentacles (D:14)
  44 withered plants (Crypt:3)
186 creatures vanquished.

Grand Total: 2710 creatures vanquished

Notes
Turn   | Place    | Note
-------+----------+-------------------------------------------
     0 | D:1      | toxicsyntax the Hill Orc Monk began the quest for the Orb.
     0 | D:1      | Reached XP level 1. HP: 19/19 MP: 1/1
   118 | D:1      | Reached XP level 2. HP: 8/27 MP: 2/2
   622 | D:1      | Reached skill level 1 in Armour
   787 | D:1      | Reached XP level 3. HP: 33/33 MP: 3/3
  1405 | D:2      | Found a hide-covered altar of Uskayaw.
  1405 | D:2      | Found a white marble altar of Elyvilon.
  1729 | D:2      | Noticed a moth of wrath
  1732 | D:2      | Found a bloodstained altar of Trog.
  1800 | D:2      | Reached XP level 4. HP: 30/41 MP: 4/4
  2024 | D:3      | Reached skill level 5 in Long Blades
  2024 | D:3      | Reached XP level 5. HP: 21/47 MP: 5/5
  2333 | D:3      | You fall into a shaft and drop 1 floor!
  2774 | D:4      | Noticed a phantom
  2806 | D:4      | Killed a phantom
  2806 | D:4      | Reached skill level 5 in Fighting
  2806 | D:4      | Reached XP level 6. HP: 16/56 MP: 6/6
  3297 | D:4      | Found a stormy altar of Qazlal.
  3297 | D:4      | Noticed an air elemental
  3299 | D:4      | Noticed a fire elemental
  3299 | D:4      | Noticed a water elemental
  3356 | D:4      | Found a staircase to the Ecumenical Temple.
  3399 | Temple   | Entered the Ecumenical Temple
  3583 | Temple   | Became a worshipper of Nemelex Xobeh the Trickster
  3583 | Temple   | Received a gift from Nemelex Xobeh
  3583 | Temple   | Reached * piety under Nemelex Xobeh
  3583 | Temple   | Received a gift from Nemelex Xobeh
  3583 | Temple   | Received a gift from Nemelex Xobeh
  3583 | Temple   | Reached ** piety under Nemelex Xobeh
  3790 | D:4      | Reached XP level 7. HP: 42/61 MP: 7/7
  4205 | D:5      | Entered Level 5 of the Dungeon
  4206 | D:5      | Noticed Prince Ribbit
  4207 | D:5      | Received a gift from Nemelex Xobeh
  4302 | D:5      | Found a shattered altar of Ashenzari.
  4576 | D:5      | Found a blossoming altar of Fedhas.
  4749 | D:5      | Found a blossoming altar of Fedhas.
  4901 | D:5      | Found a runed translucent door.
  4902 | D:5      | Noticed Crazy Yiuf
  4950 | D:5      | Noticed Pikel
  4959 | D:5      | Killed Pikel
  4959 | D:5      | Reached skill level 5 in Armour
  4959 | D:5      | Reached XP level 8. HP: 51/73 MP: 8/8
  5487 | D:5      | Found an ancient bone altar of Kikubaaqudgha.
  5755 | D:5      | Killed Crazy Yiuf
  5871 | D:6      | Reached XP level 9. HP: 62/80 MP: 9/9
  6496 | D:6      | Found a sacrificial altar of Ru.
  6918 | D:6      | Found an opulent altar of Gozag.
  7308 | D:6      | Reached skill level 10 in Long Blades
  7958 | D:8      | Received a gift from Nemelex Xobeh
  8011 | D:8      | Reached *** piety under Nemelex Xobeh
  9006 | D:7      | Received a gift from Nemelex Xobeh
  9151 | D:7      | Reached XP level 10. HP: 90/91 MP: 10/10
  9337 | D:7      | Reached skill level 1 in Shields
  9785 | D:9      | Found a shimmering altar of Xom.
 10144 | D:9      | Noticed a flayed ghost
 10917 | D:9      | Noticed a yaktaur captain
 10952 | D:9      | Killed a yaktaur captain
 10952 | D:9      | Reached skill level 10 in Fighting
 11241 | D:9      | Got a shimmering silver ring
 11243 | D:9      | Identified the ring of Zamat {rElec EV+5 Int+4} (You found
                  | it on level 9 of the Dungeon)
 11320 | D:9      | Noticed a two-headed ogre
 11330 | D:9      | Killed a two-headed ogre
 11436 | D:9      | Killed a flayed ghost
 11436 | D:9      | Reached XP level 11. HP: 101/101 MP: 11/11
 11703 | D:10     | Entered Level 10 of the Dungeon
 11963 | D:10     | Noticed a two-headed ogre
 11982 | D:10     | Killed a two-headed ogre
 11982 | D:10     | Reached skill level 5 in Shields
 12447 | D:10     | Reached **** piety under Nemelex Xobeh
 12684 | D:10     | Received a gift from Nemelex Xobeh
 13392 | D:11     | Received a gift from Nemelex Xobeh
 13936 | D:11     | Found a staircase to the Lair.
 14072 | D:11     | Found a runed translucent gate.
 14073 | D:11     | Found a runed translucent gate.
 14073 | D:11     | Noticed a cyan ugly thing
 14074 | D:11     | Found a runed translucent gate.
 14074 | D:11     | Noticed a red ugly thing
 14074 | D:11     | Noticed a red ugly thing
 14074 | D:11     | Noticed a red ugly thing
 14074 | D:11     | Noticed a cyan ugly thing
 14076 | D:11     | Noticed a green ugly thing
 14097 | D:11     | Received a gift from Nemelex Xobeh
 14364 | D:12     | Reached skill level 1 in Invocations
 14638 | D:12     | Killed an unseen horror
 14956 | D:12     | Noticed a deep elf mage
 14956 | D:12     | Noticed a wizard
 14973 | D:12     | Killed a deep elf mage
 14987 | D:12     | Killed a wizard
 14990 | D:12     | Noticed a wizard
 15006 | D:12     | Killed a wizard
 15206 | D:12     | Noticed a wizard
 15212 | D:12     | Killed a wizard
 15212 | D:12     | Reached XP level 12. HP: 110/110 MP: 15/15
 15216 | D:12     | Identified the Compendium of Combed Thunderclap
 15232 | D:12     | Identified the Papyrus of Dhcmrlchtdj
 15240 | D:12     | Identified the Grimoire of Axaxaxas mlö
 15256 | D:12     | Reached skill level 5 in Invocations
 15462 | Lair:1   | Entered Level 1 of the Lair of Beasts
 15596 | Lair:1   | Reached ***** piety under Nemelex Xobeh
 15667 | Lair:1   | Noticed a seven-headed hydra
 15669 | Lair:1   | Killed a seven-headed hydra
 15674 | Lair:1   | Received a gift from Nemelex Xobeh
 16033 | Lair:1   | Found a dark tunnel.
 16643 | Lair:2   | Received a gift from Nemelex Xobeh
 17784 | Lair:3   | Received a gift from Nemelex Xobeh
 17867 | Lair:3   | Found a staircase to the Shoals.
 17936 | Lair:3   | Reached skill level 10 in Shields
 18141 | Lair:3   | Received a gift from Nemelex Xobeh
 18545 | Lair:4   | Reached XP level 13. HP: 100/119 MP: 20/20
 18669 | Lair:4   | Reached skill level 10 in Invocations
 18683 | Lair:4   | Found a hole to the Spider Nest.
 19306 | Lair:4   | Received a gift from Nemelex Xobeh
 19983 | Lair:5   | Noticed Kirke
 20058 | Lair:5   | Killed Kirke
 20058 | Lair:5   | Reached skill level 10 in Armour
 20171 | Lair:5   | Received a gift from Nemelex Xobeh
 20911 | Lair:5   | Received a gift from Nemelex Xobeh
 20996 | Lair:5   | Reached ****** piety under Nemelex Xobeh
 21105 | Lair:5   | Received a gift from Nemelex Xobeh
 21456 | Lair:6   | Entered Level 6 of the Lair of Beasts
 21467 | Lair:6   | Reached skill level 1 in Evocations
 21475 | Lair:6   | Reached XP level 14. HP: 132/133 MP: 21/21
 22081 | Lair:6   | Reached skill level 5 in Evocations
 22205 | Lair:6   | Noticed a dire elephant
 22209 | Lair:6   | Killed a ghost moth
 22559 | Lair:6   | Identified a scroll of acquirement
 22560 | Lair:6   | Got a fine garnet amulet
 22767 | Lair:6   | Identified the amulet "Dastas" {Reflect +Fly rF+ Int+3
                  | SH+2} (You acquired it on level 6 of the Lair of Beasts)
 23116 | Lair:6   | Killed a dire elephant
 23279 | Lair:6   | Received a gift from Nemelex Xobeh
 23512 | Lair:6   | Identified the +1 quarterstaff of Plog {flame, rN++} (You
                  | found it on level 6 of the Lair of Beasts)
 23799 | D:12     | Received a gift from Nemelex Xobeh
 24938 | D:12     | Reached XP level 15. HP: 138/138 MP: 25/25
 25185 | D:12     | Received a gift from Nemelex Xobeh
 25315 | D:12     | Found a staircase to the Orcish Mines.
 25456 | Orc:1    | Entered Level 1 of the Orcish Mines
 26729 | Orc:1    | Found a runed translucent door.
 26730 | Orc:1    | Noticed tatocazan's ghost (journeyman MiFi)
 26787 | Orc:1    | Paralysed by an orc sorcerer for 6 turns
 26797 | Orc:1    | Paralysed by an orc sorcerer for 7 turns
 26810 | Orc:1    | Found a roughly hewn altar of Beogh.
 27332 | Orc:2    | Entered Level 2 of the Orcish Mines
 27660 | Orc:2    | Received a gift from Nemelex Xobeh
 27707 | Orc:2    | Found a staircase to the Elven Halls.
 28494 | Orc:2    | Found Qumoc's Armour Boutique.
 28494 | Orc:2    | Found Igre's Magic Scroll Emporium.
 28496 | Orc:2    | Found Kieg's Gadget Shoppe.
 28498 | Orc:2    | Found Pocvoem's Gadget Shop.
 28826 | Spider:1 | Entered Level 1 of the Spider Nest
 29347 | Lair:4   | Reached skill level 15 in Invocations
 30064 | Spider:1 | Noticed Agnes
 30078 | Lair:4   | Killed Agnes
 30078 | Lair:4   | Reached skill level 10 in Evocations
 30579 | Spider:1 | Received a gift from Nemelex Xobeh
 31168 | Spider:1 | Received a gift from Nemelex Xobeh
 32076 | Spider:2 | Received a gift from Nemelex Xobeh
 32798 | Spider:2 | Reached XP level 16. HP: 113/147 MP: 28/28
 33591 | Spider:2 | Received a gift from Nemelex Xobeh
 33776 | Spider:2 | Reached skill level 15 in Fighting
 35411 | Spider:2 | Received a gift from Nemelex Xobeh
 36929 | Spider:4 | Entered Level 4 of the Spider Nest
 37601 | Spider:4 | Received a gift from Nemelex Xobeh
 37801 | Spider:4 | Noticed Mara
 37867 | Spider:4 | Noticed toxicsyntax's illusion
 38153 | Spider:4 | Noticed toxicsyntax's illusion
 38305 | Spider:3 | Noticed toxicsyntax's illusion
 38910 | D:13     | Received a gift from Nemelex Xobeh
 39057 | D:13     | Found a shadowy altar of Dithmenos.
 39368 | D:13     | Received a gift from Nemelex Xobeh
 39845 | D:14     | Noticed a tentacled starspawn
 40066 | D:14     | Found a gate to the Vaults.
 40239 | D:14     | Found a transporter.
 40240 | D:14     | Found a corrupted altar of Lugonu.
 40242 | D:14     | Found a transporter.
 40244 | D:14     | Received a gift from Nemelex Xobeh
 40549 | D:15     | Entered Level 15 of the Dungeon
 40604 | D:15     | Noticed Josephine
 40813 | D:11     | Found a runed translucent gate.
 40813 | D:11     | Found a runed translucent gate.
 40817 | D:11     | Found a runed translucent gate.
 40817 | D:11     | Noticed Teneria's ghost (journeyman GrMo)
 40844 | D:11     | Killed Teneria's ghost
 40852 | D:11     | Gained mutation: You are dopey. (Int -2) [a neqoxec]
 40853 | D:11     | Gained mutation: You are frail. (-10% HP) [a neqoxec]
 41003 | Orc:1    | Identified the +2 executioner's axe "Aserankug" {chop,
                  | rElec rPois Dex-4}
 41010 | Orc:1    | Killed tatocazan's ghost
 41498 | Shoals:1 | Entered Level 1 of the Shoals
 41843 | Shoals:1 | Noticed Frances
 41861 | Shoals:1 | Killed Frances
 41861 | Shoals:1 | Reached XP level 17. HP: 106/144 MP: 29/29
 42523 | Shoals:1 | Received a gift from Nemelex Xobeh
 42920 | Shoals:2 | Received a gift from Nemelex Xobeh
 43161 | Shoals:2 | Found Osie's Armour Emporium.
 43698 | Shoals:2 | Received a gift from Nemelex Xobeh
 43801 | Shoals:3 | Found a runed translucent gate.
 43802 | Shoals:3 | Found a runed translucent gate.
 43803 | Shoals:3 | Found a runed translucent gate.
 44070 | Shoals:3 | Noticed pentaxis93's ghost (adept MfSk)
 44369 | Shoals:3 | Reached skill level 15 in Shields
 45395 | Shoals:3 | Received a gift from Nemelex Xobeh
 45494 | Shoals:2 | Bought the +2 hat of the Bear Spirit {Spirit, +Rage rN+
                  | MR++} for 625 gold pieces
 45494 | Shoals:2 | Found the +2 hat of the Bear Spirit {Spirit, +Rage rN+
                  | MR++}
 45673 | Shoals:4 | Entered Level 4 of the Shoals
 45831 | Shoals:4 | Reached skill level 1 in Throwing
 46712 | Shoals:4 | Received a gift from Nemelex Xobeh
 46770 | Shoals:4 | Identified the Grimoire of Damaging Moulding
 46831 | Shoals:4 | Found Wuymijer's Gadget Boutique.
 48033 | Shoals:4 | Identified the cursed +0 mace of Ambiguity {crush, +Fly
                  | Dex+4}
 48493 | Shoals:4 | Found the +7 captain's cutlass {speed, disarm}
 48605 | Shoals:4 | Got a barnacled rune of Zot
 48910 | Elf:1    | Entered Level 1 of the Elven Halls
 48922 | Elf:1    | Reached skill level 5 in Throwing
 49127 | Elf:1    | Reached XP level 18. HP: 143/154 MP: 30/30
 49254 | Elf:1    | Found a radiant altar of Vehumet.
 50175 | Elf:2    | Identified the Disquisition on the Escort
 50199 | Elf:2    | Found Focruski's Antique Armour Boutique.
 50338 | Elf:2    | Found a runed translucent gate.
 50338 | Elf:2    | Found a runed translucent gate.
 50352 | Elf:2    | Found a runed translucent gate.
 50644 | Elf:2    | Received a gift from Nemelex Xobeh
 50869 | Elf:3    | Entered Level 3 of the Elven Halls
 50984 | Elf:3    | Found a magical portal.
 51001 | WizLab   | Received a gift from Nemelex Xobeh
 51547 | Elf:3    | Noticed a deep elf blademaster
 51571 | Elf:3    | Killed a deep elf blademaster
 51614 | Elf:3    | Noticed a deep elf master archer
 51623 | Elf:3    | Killed a deep elf master archer
 51943 | Elf:3    | Received a gift from Nemelex Xobeh
 52305 | Elf:3    | Identified the +5 broad axe of Context {pain, rN+ Str+7
                  | Int-3}
 52753 | Elf:3    | Noticed a Hell Sentinel
 53342 | Elf:3    | Reached XP level 19. HP: 166/166 MP: 29/31
 53566 | Elf:3    | Identified the cursed +2 scimitar of Fate {venom, MR+ Str+3
                  | SInv}
 53599 | Elf:3    | Gained mutation: You do not regenerate when monsters are
                  | visible. [a cacodemon]
 53604 | Elf:3    | Noticed an Ice Fiend
 53897 | Elf:3    | Reached skill level 10 in Throwing
 54046 | Elf:3    | Noticed a Brimstone Fiend
 54338 | Elf:3    | Identified the ring "Puhe" {Ice rN+ Str+7 Int-2 Stlth+}
 54570 | Elf:3    | Identified Sif Muna's Disquisition on the Dark Arsonist
 54699 | Elf:3    | Identified the Catalogue of Hurtful Clay
 54705 | Elf:3    | Identified the Papyrus of Stones and Venom
 54709 | Elf:3    | Identified Catak's Collected Works on Beguiling and the
                  | Arsonist
 54727 | Elf:3    | Identified the Compendium of Stolen Souls and Toxins
 55390 | Spider:3 | Noticed toxicsyntax's illusion
 55400 | Spider:3 | Killed Mara
 56151 | Spider:4 | Received a gift from Nemelex Xobeh
 56204 | Spider:4 | Paralysed by a hornet for 3 turns
 57695 | Spider:4 | Got a gossamer rune of Zot
 57998 | Lair:4   | Lost mutation: You are dopey. (Int -2) [potion of mutation]
 57998 | Lair:4   | Lost mutation: You are frail. (-10% HP) [potion of
                  | mutation]
 57998 | Lair:4   | Lost mutation: You do not regenerate when monsters are
                  | visible. [potion of mutation]
 57998 | Lair:4   | Gained mutation: Your mind is acute. (Int +2) [potion of
                  | mutation]
 57998 | Lair:4   | Gained mutation: You are partially covered in yellow
                  | scales. (AC +2) [potion of mutation]
 57998 | Lair:4   | Gained mutation: Your magical capacity is low. (-10% MP)
                  | [potion of mutation]
 57998 | Lair:4   | Gained mutation: You expend magic power (3 MP) to
                  | strengthen your wands. [potion of mutation]
 58245 | D:14     | Killed Josephine
 58482 | D:15     | Found a staircase to the Depths.
 58606 | D:15     | Noticed Nessos
 58618 | D:15     | Killed Nessos
 59134 | D:15     | Received a gift from Nemelex Xobeh
 59374 | Depths:1 | Entered Level 1 of the Depths
 59668 | Depths:1 | Reached XP level 20. HP: 140/202 MP: 27/29
 60180 | Depths:1 | Found a gateway to Hell.
 60506 | Depths:1 | You fall into a shaft and drop 1 floor!
 60565 | Depths:2 | Received a gift from Nemelex Xobeh
 60835 | Depths:2 | Received a gift from Nemelex Xobeh
 60930 | Depths:2 | Noticed a golden dragon
 60942 | Depths:2 | Killed a golden dragon
 60944 | Depths:2 | Noticed a golden dragon
 60985 | Depths:2 | Killed a golden dragon
 61288 | Depths:2 | Noticed a juggernaut
 61314 | Depths:2 | Killed a juggernaut
 61855 | Depths:1 | Noticed Saint Roka
 61919 | Depths:1 | Killed Saint Roka
 62199 | Depths:1 | Found Nukan's Jewellery Shop.
 62427 | Depths:1 | Received a gift from Nemelex Xobeh
 62773 | Depths:1 | Reached XP level 21. HP: 208/211 MP: 29/31
 62776 | Depths:1 | Identified the Reference Book on Translocation and Evil
                  | Arts
 62778 | Depths:1 | Identified the Reference Book on Spatial Necromancy
 63048 | Depths:2 | Found a one-way gate to the infinite horrors of the Abyss.
 63337 | Depths:3 | Noticed a golden dragon
 63348 | Depths:3 | Killed a golden dragon
 63390 | Depths:3 | Received a gift from Nemelex Xobeh
 64139 | Depths:3 | Identified the Almanac of Fire and Flight
 64772 | Depths:3 | Found a one-way gate leading to the halls of Pandemonium.
 64947 | Depths:3 | Found Umusu's Jewellery Shop.
 64948 | Depths:3 | Found Lian's Gadget Shoppe.
 64949 | Depths:3 | Found Vixujalo's Jewellery Shop.
 64955 | Depths:3 | Bought a cursed amulet of inaccuracy for 40 gold pieces
 64961 | Depths:3 | Bought a wand of iceblast (8) for 240 gold pieces
 64961 | Depths:3 | Bought a wand of acid (12) for 640 gold pieces
 64963 | Depths:3 | Bought the ring "Somm" {rC++ Str+2 Int+3} for 666 gold
                  | pieces
 65380 | Depths:4 | Received a gift from Nemelex Xobeh
 65438 | Depths:4 | Noticed Sojobo
 66087 | Depths:4 | Killed Sojobo
 66105 | Depths:3 | Reached skill level 15 in Armour
 66691 | Depths:4 | Noticed Boris
 66709 | Depths:4 | Killed Boris
 66709 | Depths:4 | Reached XP level 22. HP: 223/223 MP: 32/32
 67422 | Depths:4 | Noticed a golden dragon
 67439 | Depths:4 | Killed a golden dragon
 67538 | Depths:4 | Noticed a golden dragon
 67539 | Depths:4 | Noticed a caustic shrike
 67539 | Depths:4 | Noticed a caustic shrike
 67942 | Lair:6   | Found a staircase to the Slime Pits.
 68005 | Slime:1  | Entered Level 1 of the Pits of Slime
 68535 | Slime:1  | Received a gift from Nemelex Xobeh
 69575 | Slime:4  | Received a gift from Nemelex Xobeh
 69698 | Slime:4  | Gained mutation: Your flesh is heat resistant. (rF+) [a
                  | shining eye]
 69725 | Slime:5  | Entered Level 5 of the Pits of Slime
 69727 | Slime:5  | Lost mutation: Your mind is acute. (Int +2) [a shining eye]
 69732 | Slime:5  | Gained mutation: You are dopey. (Int -2) [a shining eye]
 69828 | Slime:5  | Received a gift from Nemelex Xobeh
 70070 | Slime:5  | Upgraded the game from 0.24.0-13-gcf9b3192b9 to
                  | 0.24.0-28-g17ded55e90
 70587 | Slime:3  | Received a gift from Nemelex Xobeh
 73003 | Depths:3 | Bought an uncursed ring of positive energy for 400 gold
                  | pieces
 73470 | Slime:5  | Noticed the Royal Jelly
 73504 | Slime:5  | Killed the Royal Jelly
 73504 | Slime:5  | Reached XP level 23. HP: 21/234 MP: 34/34
 75089 | Slime:5  | Received a gift from Nemelex Xobeh
 75165 | Slime:5  | Got a slimy rune of Zot
 75191 | Slime:5  | Identified Sif Muna's Papyrus of Burning Earth
 76073 | Depths:5 | Entered Level 5 of the Depths
 77069 | Depths:5 | Found a gateway to a ziggurat.
 77084 | Depths:5 | Received a gift from Nemelex Xobeh
 77689 | Depths:5 | Found a gate to the Realm of Zot.
 79077 | Vaults:1 | Entered Level 1 of the Vaults
 79370 | Vaults:1 | Received a gift from Nemelex Xobeh
 79860 | Vaults:1 | Received a gift from Nemelex Xobeh
 80371 | D:14     | Identified the ring "Agiyrgh" {+Fly rN+ AC+3 Str-3 Dex+4}
                  | (You found it on level 14 of the Dungeon)
 80654 | Zot:1    | Entered Level 1 of the Realm of Zot
 81586 | Zot:1    | Reached XP level 24. HP: 224/247 MP: 32/34
 81980 | Zot:1    | Reached skill level 27 in Fighting
 83405 | Zot:2    | Received a gift from Nemelex Xobeh
 83431 | Zot:2    | Noticed a curse toe
 84275 | Zot:2    | Killed a curse toe
 84566 | Zot:2    | Received a gift from Nemelex Xobeh
 86104 | Zot:3    | Found a basalt altar of Yredelemnul.
 86119 | Zot:3    | Identified the Volume of the Zealot
 86128 | Zot:3    | Identified Libefijyc's Incunabulum of Fire and Brimstone
 86636 | Zot:3    | Reached skill level 5 in Dodging
 87095 | Zot:3    | Reached XP level 25. HP: 249/257 MP: 34/35
 89448 | Zot:4    | Noticed a Killer Klown
 89789 | Zot:3    | Killed a Killer Klown
 90404 | Zot:4    | Reached skill level 27 in Invocations
 90951 | Zot:4    | Received a gift from Nemelex Xobeh
 91165 | Zot:5    | Entered Level 5 of the Realm of Zot
 92536 | Vaults:2 | Reached skill level 10 in Dodging
 92594 | Vaults:2 | Received a gift from Nemelex Xobeh
 92718 | Vaults:2 | Noticed Boris
 92741 | Vaults:2 | Killed Boris
 93153 | Vaults:2 | Reached XP level 26. HP: 266/266 MP: 36/36
 93252 | Vaults:2 | Received a gift from Nemelex Xobeh
 93270 | Vaults:2 | Identified the Handbook of Dark Shape Shifting
 93448 | Vaults:2 | Identified the +6 chain mail of Divine Compulsion {+Inv
                  | rC+}
 93762 | Vaults:2 | Received a gift from Nemelex Xobeh
 94132 | Vaults:3 | Found Gin Poqeume's Antique Weapon Shoppe.
 94230 | Vaults:3 | Received a gift from Nemelex Xobeh
 94545 | Vaults:3 | Received a gift from Nemelex Xobeh
 94788 | Vaults:3 | Found a staircase to the Crypt.
 95256 | Vaults:3 | Found Egrov's Weapon Emporium.
 95609 | Vaults:4 | Received a gift from Nemelex Xobeh
 95988 | Vaults:4 | Received a gift from Nemelex Xobeh
 96537 | Vaults:4 | Received a gift from Nemelex Xobeh
 96601 | Vaults:4 | Found Xucvun's Food Boutique.
 96835 | Vaults:4 | Reached XP level 27. HP: 273/273 MP: 36/36
 96881 | Vaults:4 | Received a gift from Nemelex Xobeh
 97205 | Orc:2    | Bought a scroll of immolation for 56 gold pieces
 97517 | Vaults:5 | Entered Level 5 of the Vaults
 97531 | Vaults:5 | Noticed a juggernaut
 97531 | Vaults:5 | a titan changed into a juggernaut
 97708 | Vaults:5 | Killed a juggernaut
 97709 | Vaults:5 | Received a gift from Nemelex Xobeh
 98382 | Vaults:5 | Identified the +8 great sword "Xyajidd" {slice, rC+ Str+3}
 99183 | Vaults:5 | Noticed an ancient lich
 99202 | Vaults:5 | Killed an ancient lich
102127 | Vaults:5 | Noticed an ancient lich
102152 | Vaults:5 | Killed an ancient lich
102859 | Vaults:5 | Received a gift from Nemelex Xobeh
102898 | Vaults:5 | Got a silver rune of Zot
103394 | Vaults:5 | Identified the Almanac of Twisted Contamination
103573 | Vaults:5 | Identified the +10 plate armour of Abstinence {rElec rC+
                  | Dex+4} (You found it on level 5 of the Vaults)
103721 | Crypt:1  | Entered Level 1 of the Crypt
103959 | Crypt:1  | Received a gift from Nemelex Xobeh
104511 | Crypt:1  | Received a gift from Nemelex Xobeh
104527 | Crypt:1  | Noticed Boris
104539 | Crypt:1  | Killed Boris
105749 | Zot:5    | Noticed an ancient lich
105971 | Zot:5    | Noticed an orb of fire
105978 | Zot:5    | Gained mutation: Potions are less effective at restoring
                  | your health. [an orb of fire]
105996 | Zot:4    | Gained mutation: Your body sometimes deteriorates upon
                  | taking damage. [an orb of fire]
105997 | Zot:4    | Killed an orb of fire
106083 | Zot:4    | Lost mutation: Your flesh is heat resistant. (rF+) [potion
                  | of mutation]
106083 | Zot:4    | Lost mutation: Your body sometimes deteriorates upon taking
                  | damage. [potion of mutation]
106083 | Zot:4    | Lost mutation: Your magical capacity is low. (-10% MP)
                  | [potion of mutation]
106083 | Zot:4    | Lost mutation: You are dopey. (Int -2) [potion of mutation]
106083 | Zot:4    | Gained mutation: You are occasionally teleported next to
                  | monsters. [potion of mutation]
106083 | Zot:4    | Gained mutation: You are partially covered in thin metallic
                  | scales. (AC +2) [potion of mutation]
106083 | Zot:4    | Gained mutation: You evolve. [potion of mutation]
106339 | Zot:4    | Killed an ancient lich
106369 | Zot:5    | Noticed an ancient lich
106380 | Zot:5    | Noticed an ancient lich
107295 | Crypt:2  | Received a gift from Nemelex Xobeh
107385 | Crypt:2  | Lost mutation: You expend magic power (3 MP) to strengthen
                  | your wands. [potion of mutation]
107385 | Crypt:2  | Lost mutation: You evolve. [potion of mutation]
107385 | Crypt:2  | Gained mutation: Your system is resistant to poisons.
                  | (rPois) [potion of mutation]
107385 | Crypt:2  | Gained mutation: You are robust. (+10% HP) [potion of
                  | mutation]
107385 | Crypt:2  | Gained mutation: You are clumsy. (Dex -2) [potion of
                  | mutation]
107385 | Crypt:2  | Gained mutation: You possess an exceptional clarity of
                  | mind. [potion of mutation]
107386 | Crypt:2  | Lost mutation: You are occasionally teleported next to
                  | monsters. [potion of mutation]
107386 | Crypt:2  | Lost mutation: You are partially covered in thin metallic
                  | scales. (AC +2) [potion of mutation]
107386 | Crypt:2  | Lost mutation: Potions are less effective at restoring your
                  | health. [potion of mutation]
107386 | Crypt:2  | Gained mutation: You are occasionally teleported next to
                  | monsters. [potion of mutation]
107386 | Crypt:2  | Lost mutation: You are clumsy. (Dex -2) [potion of
                  | mutation]
107389 | Crypt:2  | Lost mutation: You possess an exceptional clarity of mind.
                  | [potion of mutation]
107389 | Crypt:2  | Lost mutation: Your system is resistant to poisons. (rPois)
                  | [potion of mutation]
107389 | Crypt:2  | Lost mutation: You are partially covered in yellow scales.
                  | (AC +2) [potion of mutation]
107389 | Crypt:2  | Lost mutation: You are robust. (+10% HP) [potion of
                  | mutation]
107389 | Crypt:2  | Gained mutation: You are agile. (Dex +2) [potion of
                  | mutation]
107389 | Crypt:2  | Gained mutation: Your spells are a little harder to cast,
                  | but a little more powerful. [potion of mutation]
107389 | Crypt:2  | Gained mutation: You are somewhat resistant to further
                  | mutation. [potion of mutation]
107531 | Crypt:1  | Reached skill level 15 in Long Blades
108643 | Crypt:2  | Received a gift from Nemelex Xobeh
108677 | Crypt:3  | Entered Level 3 of the Crypt
109224 | Crypt:3  | Noticed Margery
109236 | Crypt:3  | Killed Margery
109894 | Crypt:3  | Noticed an ancient lich
109906 | Crypt:3  | Killed an ancient lich
110392 | Crypt:3  | Found a staircase to the Tomb.
110959 | Crypt:3  | Received a gift from Nemelex Xobeh
111377 | Crypt:3  | Found an ancient bone altar of Kikubaaqudgha.
111398 | Crypt:3  | Noticed an ancient lich
111407 | Crypt:3  | Killed an ancient lich
111418 | Crypt:3  | Identified the Compendium of Lucky Contamination
111421 | Crypt:3  | Identified the Disquisition on the Traveller
111436 | Crypt:3  | Identified the Collected Works on Attacks
111571 | Crypt:3  | Noticed Frederick
111578 | Crypt:3  | Killed Frederick
112369 | Zot:5    | Noticed an ancient lich
112381 | Zot:4    | Killed an ancient lich
112411 | Zot:4    | Killed an ancient lich
113358 | Zot:5    | Noticed an ancient lich
113385 | Zot:5    | Killed an ancient lich
113654 | Zot:4    | Killed an ancient lich
113865 | Zot:5    | Noticed an ancient lich
113893 | Zot:5    | Killed an ancient lich
113915 | Zot:5    | Noticed an orb of fire
113927 | Zot:5    | Noticed an ancient lich
113940 | Zot:5    | Gained mutation: You are robust. (+10% HP) [an orb of fire]
113941 | Zot:5    | Killed an orb of fire
114214 | Zot:4    | Killed an ancient lich
114214 | Zot:4    | Reached skill level 15 in Evocations
114512 | Zot:5    | Noticed an ancient lich
114938 | Zot:5    | Killed an ancient lich
114959 | Zot:5    | Noticed an ancient lich
114987 | Zot:5    | Noticed an ancient lich
115731 | Zot:4    | Killed an ancient lich
115827 | Zot:5    | Killed an ancient lich
115920 | Zot:5    | Got a pair of pitted boots
115921 | Zot:5    | Identified the +3 pair of boots of Shadows and Fog {rF- MR+
                  | Str+4 Int+4} (You found it on level 5 of the Realm of Zot)
116636 | Zot:5    | Got the Orb of Zot
116952 | D:11     | Noticed Ewuikh the pandemonium lord
117205 | D:4      | Killed Prince Ribbit
117319 | D:$      | Escaped with the Orb!

Levels and vault maps discovered:
D:1:      minmay_arrival_arboretum_small, layout_basic, minmay_cupped
D:2:      layout_basic, tgw_trog, gammafunk_temple_overflow_wave, first_ration
D:3:      layout_basic
D:4:      minmay_bubble_buster, layout_basic, minmay_temple_entry_glassed_door,
          nicolae_qazlal_style_of_elements
D:5:      layout_basic, evilmike_ruin_ashenzari, marbit_many_paths,
          lemuel_crystal_altar, fedhas_altar_3, uniq_crazy_yiuf_cottage,
          uniq_pikel, uniq_prince_ribbit1
D:6:      layout_basic, nicolae_gozag_seed_capital, nicolae_ru_path_of_blood
D:7:      layout_rooms, nicolae_overflow_hidden_temple, the_bakery
D:8:      layout_basic, st_stairs_13
D:9:      minmay_the_grid_plus [minmay_the_grid_paths,
          minmay_the_grid_small_cups, minmay_the_grid_odd_star,
          minmay_the_grid_minigrid_small, minmay_the_grid_prize_diamond_cup],
          layout_rooms, xom_butterflies, small_chamber_with_monster
D:10:     layout_loops_ring, minmay_quadrilaterals
D:11:     layout_long_grid, grunt_lair_entry_orc_guard_hut,
          ploomutoo_gammafunk_ghost_potion_laboratory
D:12:     minmay_triangles_in_corner, layout_long_grid, erik_orc_2,
          bh_hangedman_babel_library
D:13:     layout_irregular_city, basic_altar, chequers_serial_rivers_micro_e
D:14:     gammafunk_corrupted_shrine, layout_basic, david_vaults_4,
          chequers_serial_rivers_micro_d
D:15:     gammafunk_depths_entry_grave, layout_long_grid,
          chequers_decorated_corner, hangedman_glass_teeth, uniq_nessos,
          uniq_josephine
Temple:   minmay_temple_bridge_abc
Lair:1:   layout_chaotic_city, enter_volcano_2
Lair:2:   layout_cave_shapes, cheibrodos_lair_reptile_den
Lair:3:   layout_regular_city, minmay_shoals_entry_lonely_mermaid,
          serial_bayou_shore_b, grunt_megastairs_3
Lair:4:   layout_gridlike, spider_nest_entry_a
Lair:5:   layout_regular_city, uniq_kirke
Lair:6:   gammafunk_lair_ancient_temple, layout_long_grid,
          minmay_slime_entry_oklob_enclosed, lemuel_fruit_tree
Shoals:1: layout_shoals, uniq_frances
Shoals:2: layout_shoals, nicolae_shoals_c_island
Shoals:3: layout_shoals, ebering_ghost_rock_garden
Shoals:4: shoals_end_hangedman, layout_shoals, serial_shops, shop
Spider:1: layout_spider_delve, uniq_agnes
Spider:2: layout_chambers, spiders_nest_spider_trap
Spider:3: layout_spider_delve
Spider:4: guppyfry_spider_rune, uniq_mara
Slime:1:  layout_caves, cheibrodos_slime_lost_civilization_4
Slime:2:  layout_caves
Slime:3:  layout_caves
Slime:4:  layout_caves
Slime:5
Orc:1:    nicolae_orc_accident_2, layout_diamond_mine,
          ebering_ghost_reflecting_pool, roderic_batcave
Orc:2:    st_orc_rangers, layout_diamond_mine
Elf:1:    minmay_elf_arrival_circle, layout_rooms, hangedman_elf_represent,
          david_defended_altar_elf
Elf:2:    layout_geoelf_octagon, serial_shops, shop, minivault_23, drop_trap,
          minmay_elf_demonology
Elf:3:    minmay_elf_hall_four_x, layout_loops_cross, mu_enter_wizlab_2,
          feat_on_display
Vaults:1: hangedman_vaults_stagger, vaults_room_octagon,
          dpeg_vaults_monster_box, v_misc_19, ontoclasm_vaults_fault,
          hangedman_vaults_trim, v_alt_pattern_5, vaults_dpeg_hooks,
          ontoclasm_vaults_gateway, vaults_room_pool,
          nicolae_vaults_little_squares_2, layout_vaults_big_room
Vaults:2: v_misc_26, vaults_room_guarded_vault, nicolae_vaults_arrows,
          hangedman_vaults_unwind, v_rooms_5, hangedman_vaults_pinch,
          grunt_vaults_swirl, v_misc_8, nicolae_vaults_diagonal_hallway_7,
          nicolae_vaults_specimen_jars, nicolae_vaults_little_squares_5,
          layout_vaults_big_cross
Vaults:3: hangedman_vaults_corner_blocks, nicolae_vaults_ring_of_whatevers,
          v_misc_27, v_alt_pattern_3, minmay_crypt_entry_vampire_xt, v_misc_25,
          v_rooms_3, vaults_standard_mumra_x, nicolae_vaults_little_squares_3,
          layout_vaults_quadrants, serial_shops, shop, nicolae_shop_crystal
Vaults:4: v_misc_18, nicolae_vaults_windows_and_doors_thing, v_misc_23,
          vaults_mumra_hex, hangedman_vaults_corner,
          nicolae_vaults_little_squares_4, v_misc_3, v_misc_24, v_misc_8,
          grunt_vaults_funnel, ontoclasm_vaults_ring_square, st_smaller_cells,
          v_misc_16, serial_ice_b, layout_vaults_omnibox, serial_shops, shop
Vaults:5
Crypt:1:  layout_misc_corridors
Crypt:2:  layout_gridlike, palyth_stone_intersect
Crypt:3:  quadcrypt_mu, uniq_frederick, uniq_margery
Depths:1: cheibrodos_lost_city_excavation, layout_basic, serial_shops,
          shop_fountains, serial_bayou_pond_d, pf_coc_iceberg, moated_statue,
          hangedman_abyss_or_decor_stabs, dk_noncrumbling_4,
          minmay_misc_feat_enclosed, chequers_serial_rivers_room_a,
          uniq_saint_roka
Depths:2: minmay_outward_triangles, layout_gridlike, abyss_entry,
          serial_sigils_hangedman_snap, hell_entry
Depths:3: kennysheep_demon_jail, layout_basic, rand_demon_pan_entry_7,
          abyss_entry, hell_entry, minmay_misc_feat_roman, drop_trap,
          kennysheep_generic_room_4, infiniplex_staircase_pool_2,
          minmay_shop_grove
Depths:4: minmay_expanding_circles, layout_cave_pools, grunt_hell_entry_dis_old,
          nrook_uturn, abyss_entry, grunt_pan_entry_in_and_out, st_stairs_11,
          kennysheep_generic_room_2, uniq_sojobo, uniq_boris
Depths:5: evilmike_zot_entry_round, layout_cave_pools, enter_ziggurat_d,
          abyss_entry, serial_rivers, chequers_serial_rivers_large_a,
          chequers_serial_rivers_micro_b, chequers_serial_rivers_micro_a,
          chequers_serial_rivers_micro_e, chequers_serial_rivers_micro_d,
          hell_entry, serial_bayou_shore_b
Zot:1:    layout_basic
Zot:2:    layout_gridlike
Zot:3:    nicolae_zot_draconian_monastery, layout_twisted_circle
Zot:4:    layout_misc_corridors, guppyfry_library_mini
Zot:5:    layout_misc_corridors

Skill      XL: |  1  2  3  4  5  6  7  8  9 10 11 12 13 14 15 16 17 18 19 20 21 22 23 24 25 26 27 |
---------------+----------------------------------------------------------------------------------+-----
Armour         | 1 2 3 5 7 11 13 15 16 18 19 20 | 20.5
Fighting       | 4 5 7 9 10 11 12 14 17 18 20 22 23 24 25 26 27 | 27.0
Long Blades    | 4 5 6 8 9 11 12 14 19 | 19.3
Shields        | 4 7 10 11 14 15 19 25 | 25.0
Invocations    | 4 9 10 13 16 17 19 20 22 23 25 27 | 27.0
Evocations     | 1 8 10 16 | 16.2
Throwing       | 5 9 10 | 10.0
Dodging        | 5 10 | 10.0
Stealth        | |  1.5

Action                   |  1- 3 |  4- 6 |  7- 9 | 10-12 | 13-15 | 16-18 | 19-21 | 22-24 | 25-27 || total
-------------------------+-------+-------+-------+-------+-------+-------+-------+-------+-------++-------
Melee: Falchion          |   117 |   161 |   448 |   658 |       |       |       |       |       ||  1384
       Scimitar          |       |       |       |   418 |  1502 |  1812 |  1661 |  2093 |  3918 || 11404
       Short sword       |       |       |       |       |   130 |    13 |       |       |       ||   143
       Unarmed           |       |       |       |       |     3 |       |       |       |       ||     3
Throw: Javelin           |    11 |     3 |     2 |    12 |       |    10 |    15 |    15 |    66 ||   134
       Stone             |     1 |    14 |     9 |    11 |       |       |       |       |       ||    35
       Dart              |       |       |     1 |    13 |    18 |    31 |     4 |       |       ||    67
       Boomerang         |       |       |       |     5 |    46 |    20 |    24 |       |       ||    95
Invok: Deal Four         |       |       |       |       |     4 |     5 |     3 |     7 |    19 ||    38
       Triple Draw       |       |       |       |       |     3 |     2 |       |       |       ||     5
       Stack Five        |       |       |       |       |       |       |       |     2 |     1 ||     3
 Abil: Draw Destruction  |       |     1 |     9 |    20 |    17 |    27 |    15 |     3 |    18 ||   110
       Draw Escape       |       |       |     4 |       |       |       |       |       |       ||     4
       Draw Summoning    |       |       |       |       |       |     2 |       |       |       ||     2
       Evoke Flight      |       |       |       |       |       |       |     1 |       |       ||     1
       Draw Stack        |       |       |       |       |       |       |       |       |     1 ||     1
Evoke: Wand              |       |       |       |    10 |     4 |     9 |    18 |     3 |    12 ||    56
       Lamp of fire      |       |       |       |       |     2 |     1 |     2 |       |     1 ||     6
  Use: Scroll            |       |    14 |     5 |     9 |    11 |    15 |     9 |    16 |    19 ||    98
       Potion            |       |       |     7 |     7 |     4 |     8 |     3 |    12 |    24 ||    65
 Stab: Sleeping          |     2 |       |       |       |       |       |       |       |       ||     2
       Invisible         |       |       |       |     1 |       |       |       |       |       ||     1
       Confused          |       |       |       |       |     2 |       |       |     2 |       ||     4
       Held in net/web   |       |       |       |       |       |     1 |       |       |       ||     1
       Distracted        |       |       |       |       |       |       |     3 |       |     3 ||     6
  Eat: Chunk             |     3 |     6 |    11 |    21 |    21 |    29 |    21 |    15 |    30 ||   157
       Ration            |       |       |     2 |     3 |     8 |    11 |     7 |    15 |    21 ||    67
Armor: Robe              |    16 |       |       |       |       |       |       |       |       ||    16
       Ring mail         |    24 |    23 |       |       |       |       |       |       |       ||    47
       Chain mail        |       |    44 |   127 |       |       |       |       |       |       ||   171
       Plate armour      |       |       |   168 |    98 |       |       |       |       |       ||   266
       Pearl dragon scal |       |       |       |   206 |   572 |   566 |   342 |       |       ||  1686
       Gold dragon scale |       |       |       |       |       |       |   177 |   948 |  1127 ||  2252
Dodge: Dodged            |    94 |    68 |   213 |   341 |   765 |   631 |   454 |   403 |   798 ||  3767
Block: Shield            |       |       |     7 |   502 |  1339 |  1432 |  1390 |  1700 |  1998 ||  8368
       Reflection        |       |       |       |       |   115 |    72 |    73 |    59 |   196 ||   515
       Large shield      |       |       |       |       |       |       |       |       |  1706 ||  1706
       Rpst.: Falchion   |    32 |    20 |    62 |    49 |       |       |       |       |       ||   163
       Scimitar          |       |       |       |    40 |   150 |   109 |    64 |    67 |   143 ||   573
